 Dungeon Sprint DCSS version 0.21-a0-528-gf531e82 (webtiles) character file.

1915 pasperui the Martial Artist (level 9, -3/73 HPs)
             Began as a Gnoll Transmuter on Dec 8, 2017.
             Was the Champion of Cheibriados.
             Slain by a fire elemental (10 damage)
             ... summoned by a deep elf mage
             ... in the Dungeon (Sprint VII: "The Pits").
             The game lasted 00:05:12 (931 turns).

pasperui the Martial Artist (Gnoll Transmuter)       Turns: 931, Time: 00:05:13

Health: -3/73      AC: 13    Str: 30    XL:     9   Next: 16%
Magic:  18/21      EV: 20    Int: 31    God:    Cheibriados [******]
Gold:   0          SH:  0    Dex: 31    Spells: 15/25 levels left

rFire    . . .     SeeInvis .     - Unarmed
rCold    . . .     Gourm    .   (shield currently unavailable)
rNeg     . . .     Faith    .   D - +4 scale mail
rPois    .         Spirit   .   (no helmet)
rElec    .         Reflect  .   (no cloak)
rCorr    .         Harm     .   (gloves currently unavailable)
MR       .....     NoTele   +   y - +0 pair of boots
Stlth    +++.......             (no amulet)
HPRegen  0.22/turn              (no ring)
MPRegen  0.17/turn              (no ring)

@: blade hands, very slow
A: distributed training, fangs 1, strong nose
a: End Transformation, Bend Time, Temporal Distortion, Slouch, Step From Time,
Renounce Religion


You were in the Dungeon.
You worshipped Cheibriados.
Cheibriados was exalted by your worship.
You were not hungry.
You had blades for hands.
You visited 1 branch

Inventory:

Hand Weapons
 r - a +2 quarterstaff
 s - a +2 trident
 t - a +1 long sword of flaming
 E - a +2 scimitar of flaming
Missiles
 a - 12 arrows
 v - 6 stones (quivered)
Armour
 b - a +0 robe
 u - a +3 chain mail
 y - a +0 pair of boots (worn)
 C - a +0 pair of gloves (melded)
 D - a +4 scale mail (worn)
Jewellery
 w - a +3 ring of strength
 x - a +3 ring of strength
Scrolls
 j - a scroll of blinking
 m - 3 scrolls of remove curse
 n - 5 scrolls of amnesia
 o - a scroll of summoning
Potions
 e - 6 potions of curing
 f - 9 potions of heal wounds
 g - a potion of haste
 h - 4 potions of magic
 i - 3 potions of berserk rage
 l - 2 potions of invisibility
 z - 4 potions of agility
 A - a potion of might
 B - a potion of brilliance
Books
 c - a book of Changes

   Spells                             Type                      Level
   a - Beastly Appendage              Transmutation                1
   b - Sticks to Snakes               Transmutation                2
   c - Spider Form                    Transmutation/Poison         3
   d - Ice Form                       Ice/Transmutation            4
   e - Blade Hands                    Transmutation                5
Comestibles
 d - 8 bread rations
 p - 40 fruits
 q - 7 meat rations


   Skills:
 + Level 7.7 Fighting
 + Level 7.2 Short Blades
 + Level 7.2 Long Blades
 + Level 7.2 Axes
 + Level 7.2 Maces & Flails
 + Level 7.2 Polearms
 + Level 7.2 Staves
 + Level 7.2 Slings
 + Level 7.2 Bows
 + Level 7.2 Crossbows
 + Level 7.2 Throwing
 + Level 7.2 Armour
 + Level 8.6 Dodging
 + Level 7.2 Stealth
 + Level 7.2 Shields
 + Level 9.7 Unarmed Combat
 + Level 8.8 Spellcasting
 + Level 5.9 Conjurations
 + Level 5.9 Hexes
 + Level 5.9 Charms
 + Level 5.9 Summonings
 + Level 5.9 Necromancy
 + Level 5.9 Translocations
 + Level 7.1 Transmutations
 + Level 5.9 Fire Magic
 + Level 5.9 Ice Magic
 + Level 5.9 Air Magic
 + Level 5.9 Earth Magic
 + Level 5.9 Poison Magic
 + Level 7.9 Invocations
 + Level 7.2 Evocations


You had 15 spell levels left.
You knew the following spells:

 Your Spells              Type           Power        Failure   Level  Hunger
a - Beastly Appendage     Tmut           ######       11%         1    None
b - Blade Hands           Tmut           ######....   45%         5    ####...
c - Ice Form              Ice/Tmut       ######..     32%         4    None


Dungeon Overview and Level Annotations

Branches:
Dungeon (1/1)

Altars:
Ashenzari
Cheibriados
Dithmenos
Elyvilon
Fedhas
Gozag
Hepliaklqana
Kikubaaqudgha
Makhleb
Nemelex Xobeh
Okawaru
Qazlal
Ru
Sif Muna
Trog
Uskayaw
Vehumet
Wu Jian
Xom
Yredelemnul
Zin
The Shining One
Beogh
Jiyva
Lugonu


Innate Abilities, Weirdness & Mutations

Your experience applies equally to all skills.
You have very sharp teeth.
Your uncanny sense of smell can sniff out nearby items.


Message History

Your Throwing skill increases to level 7!
Your Armour skill increases to level 7!
Your Stealth skill increases to level 7!
Your Shields skill increases to level 7!
Your Transmutations skill increases to level 7!
Your Evocations skill increases to level 7!
You have reached level 9!
Your experience leads to an increase in your attributes!
Your base attributes are Str 14, Int 16, Dex 16.
Increase (S)trength, (I)ntelligence, or (D)exterity?
You feel stronger. The deep elf mage closely misses you.
The fire elemental hits you. The fire elemental burns you!
* * * LOW HITPOINT WARNING * * *
The fire elemental misses you.
You slash the deep elf mage!
The deep elf mage is lightly wounded.
The fire elemental barely misses you. The fire elemental hits you.
The fire elemental burns you!
You die...

#[.##................#
#))#####'#####''#####
#))##.......##''#
#.)##.......##..#
#..##.......##..#
#'###...<...##(.#
...##.......##..#
...##.......##.e##
#####.......##..@# #..
##########.E†E+
#.############..§##
#.#....#....##..##
#'#....#..[.##..#
#.')...'..))##..#
#'#....#...)##..#
')#....#..))##..
#############


You could see a deep elf mage and 2 fire elementals.

Vanquished Creatures
  A two-headed ogre (D)
  A cyclops (D)
  A hellwing (D)
  A floating eye (D)
  A porcupine (D)
  A sky beast (D)
  2 necrophages (D)
  2 quasits (D)
  A hound (D)
  2 iguanas (D)
  A worker ant (D)
  A gnoll (D)
  A white imp (D)
  3 orcs (D)
  A ball python (D)
  2 bats (D)
  2 giant cockroaches (D)
  A goblin (D)
  2 rats (D)
27 creatures vanquished.

Notes
Turn   | Place    | Note
-------+----------+-------------------------------------------
     0 | D        | pasperui the Gnoll Transmuter began the quest for the Orb.
     0 | D        | Reached XP level 1. HP: 17/17 MP: 6/6
    20 | D        | Found a bloodstained altar of Trog.
    20 | D        | Found a deep blue altar of Sif Muna.
    20 | D        | Found a viscous altar of Jiyva.
    20 | D        | Found a hazy altar of Hepliaklqana.
    20 | D        | Found an opulent altar of Gozag.
    21 | D        | Found a glowing golden altar of the Shining One.
    21 | D        | Found a glowing silver altar of Zin.
    21 | D        | Found a basalt altar of Yredelemnul.
    21 | D        | Found a shimmering altar of Xom.
    21 | D        | Found an ornate altar of the Wu Jian Council.
    21 | D        | Found a sacrificial altar of Ru.
    21 | D        | Found a stormy altar of Qazlal.
    21 | D        | Found an iron altar of Okawaru.
    21 | D        | Found a sparkling altar of Nemelex Xobeh.
    21 | D        | Found a burning altar of Makhleb.
    21 | D        | Found a blossoming altar of Fedhas.
    21 | D        | Found a white marble altar of Elyvilon.
    21 | D        | Found a shadowy altar of Dithmenos.
    21 | D        | Found a snail-covered altar of Cheibriados.
    22 | D        | Found a radiant altar of Vehumet.
    22 | D        | Found a corrupted altar of Lugonu.
    22 | D        | Found a roughly hewn altar of Beogh.
    23 | D        | Found a hide-covered altar of Uskayaw.
    23 | D        | Found an ancient bone altar of Kikubaaqudgha.
    23 | D        | Found a shattered altar of Ashenzari.
    33 | D        | Became a worshipper of Cheibriados the Contemplative
    69 | D        | Noticed a worker ant
    78 | D        | Reached skill level 5 in Spellcasting
    80 | D        | Killed a worker ant
    80 | D        | Reached * piety under Cheibriados
    80 | D        | Reached skill level 1 in Short Blades
    80 | D        | Reached skill level 1 in Long Blades
    80 | D        | Reached skill level 1 in Axes
    80 | D        | Reached skill level 1 in Maces & Flails
    80 | D        | Reached skill level 1 in Polearms
    80 | D        | Reached skill level 1 in Staves
    80 | D        | Reached skill level 1 in Slings
    80 | D        | Reached skill level 1 in Bows
    80 | D        | Reached skill level 1 in Crossbows
    80 | D        | Reached skill level 1 in Throwing
    80 | D        | Reached skill level 1 in Armour
    80 | D        | Reached skill level 1 in Stealth
    80 | D        | Reached skill level 1 in Shields
    80 | D        | Reached skill level 1 in Conjurations
    80 | D        | Reached skill level 1 in Hexes
    80 | D        | Reached skill level 1 in Charms
    80 | D        | Reached skill level 1 in Summonings
    80 | D        | Reached skill level 1 in Necromancy
    80 | D        | Reached skill level 1 in Translocations
    80 | D        | Reached skill level 1 in Fire Magic
    80 | D        | Reached skill level 1 in Ice Magic
    80 | D        | Reached skill level 1 in Air Magic
    80 | D        | Reached skill level 1 in Earth Magic
    80 | D        | Reached skill level 1 in Poison Magic
    80 | D        | Reached skill level 1 in Evocations
    80 | D        | Reached XP level 2. HP: 14/24 MP: 8/8
    80 | D        | Reached XP level 3. HP: 17/29 MP: 9/9
   247 | D        | Reached ** piety under Cheibriados
   272 | D        | Noticed a porcupine
   272 | D        | Noticed a floating eye
   277 | D        | Killed a porcupine
   277 | D        | Reached skill level 5 in Dodging
   277 | D        | Reached skill level 7 in Unarmed Combat
   277 | D        | Reached XP level 4. HP: 22/37 MP: 10/12
   277 | D        | Reached XP level 5. HP: 25/42 MP: 10/13
   279 | D        | Reached *** piety under Cheibriados
   397 | D        | Paralysed by a floating eye for 3 turns
   401 | D        | Killed a floating eye
   401 | D        | Reached skill level 5 in Transmutations
   401 | D        | Reached XP level 6. HP: 50/50 MP: 12/15
   497 | D        | Noticed a necrophage
   504 | D        | Killed a necrophage
   504 | D        | Reached **** piety under Cheibriados
   504 | D        | Reached skill level 5 in Fighting
   504 | D        | Reached skill level 8 in Unarmed Combat
   504 | D        | Reached skill level 5 in Invocations
   507 | D        | Noticed a necrophage
   514 | D        | Killed a necrophage
   518 | D        | Reached ***** piety under Cheibriados
   518 | D        | Reached skill level 5 in Short Blades
   518 | D        | Reached skill level 5 in Long Blades
   518 | D        | Reached skill level 5 in Axes
   518 | D        | Reached skill level 5 in Maces & Flails
   518 | D        | Reached skill level 5 in Polearms
   518 | D        | Reached skill level 5 in Staves
   518 | D        | Reached skill level 5 in Slings
   518 | D        | Reached skill level 5 in Bows
   518 | D        | Reached skill level 5 in Crossbows
   518 | D        | Reached skill level 5 in Throwing
   518 | D        | Reached skill level 5 in Armour
   518 | D        | Reached skill level 5 in Stealth
   518 | D        | Reached skill level 5 in Shields
   518 | D        | Reached skill level 5 in Evocations
   518 | D        | Reached XP level 7. HP: 33/56 MP: 15/17
   700 | D        | Learned a level 5 spell: Blade Hands
   705 | D        | Learned a level 4 spell: Ice Form
   716 | D        | Reached ****** piety under Cheibriados
   730 | D        | Noticed a hellwing
   730 | D        | Noticed a two-headed ogre
   734 | D        | Killed a two-headed ogre
   734 | D        | Reached skill level 9 in Unarmed Combat
   734 | D        | Reached skill level 5 in Conjurations
   734 | D        | Reached skill level 5 in Hexes
   734 | D        | Reached skill level 5 in Charms
   734 | D        | Reached skill level 5 in Summonings
   734 | D        | Reached skill level 5 in Necromancy
   734 | D        | Reached skill level 5 in Translocations
   734 | D        | Reached skill level 5 in Fire Magic
   734 | D        | Reached skill level 5 in Ice Magic
   734 | D        | Reached skill level 5 in Air Magic
   734 | D        | Reached skill level 5 in Earth Magic
   734 | D        | Reached skill level 5 in Poison Magic
   734 | D        | Reached XP level 8. HP: 20/66 MP: 13/20
   738 | D        | Killed a hellwing
   921 | D        | Noticed a cyclops
   924 | D        | Noticed a deep elf mage
   930 | D        | Killed a cyclops
   930 | D        | Reached XP level 9. HP: 17/73 MP: 18/21
   931 | D        | Slain by a fire elemental

Vault maps used:
D:        pitsprint

Skill      XL: |  1  2  3  4  5  6  7  8 |
---------------+-------------------------+-----
Spellcasting   | 5 6 7 8 |  8.8
Fighting       | 3 4 5 7 |  7.7
Short Blades   | 1 3 4 5 6 7 |  7.2
Long Blades    | 1 3 4 5 6 7 |  7.2
Axes           | 1 3 4 5 6 7 |  7.2
Maces & Flails | 1 3 4 5 6 7 |  7.2
Polearms       | 1 3 4 5 6 7 |  7.2
Staves         | 1 3 4 5 6 7 |  7.2
Slings         | 1 3 4 5 6 7 |  7.2
Bows           | 1 3 4 5 6 7 |  7.2
Crossbows      | 1 3 4 5 6 7 |  7.2
Throwing       | 1 3 4 5 6 7 |  7.2
Armour         | 1 3 4 5 6 7 |  7.2
Stealth        | 1 3 4 5 6 7 |  7.2
Shields        | 1 3 4 5 6 7 |  7.2
Conjurations   | 1 2 3 4 5 |  5.9
Hexes          | 1 2 3 4 5 |  5.9
Charms         | 1 2 3 4 5 |  5.9
Summonings     | 1 2 3 4 5 |  5.9
Necromancy     | 1 2 3 4 5 |  5.9
Translocations | 1 2 3 4 5 |  5.9
Transmutations | 4 5 6 7 |  7.1
Fire Magic     | 1 2 3 4 5 |  5.9
Ice Magic      | 1 2 3 4 5 |  5.9
Air Magic      | 1 2 3 4 5 |  5.9
Earth Magic    | 1 2 3 4 5 |  5.9
Poison Magic   | 1 2 3 4 5 |  5.9
Invocations    | 2 3 4 5 7 |  7.9
Evocations     | 1 3 4 5 6 7 |  7.2
Dodging        | 5 6 8 |  8.6
Unarmed Combat | 7 8 9 |  9.7

Action                   |  1- 3 |  4- 6 |  7- 9 || total
-------------------------+-------+-------+-------++-------
Melee: Unarmed           |    15 |    20 |    27 ||    62
       Headbutt          |     5 |     1 |       ||     6
       Bite              |     2 |     4 |     4 ||    10
       Kick              |       |     6 |     1 ||     7
 Cast: Beastly Appendage |     4 |     3 |     1 ||     8
       Blade Hands       |       |       |     3 ||     3
 Abil: End Transformatio |       |       |     1 ||     1
  Use: Potion            |       |       |     1 ||     1
 Stab: Sleeping          |     4 |     1 |     3 ||     8
Armor: Robe              |       |     3 |       ||     3
       Scale mail        |       |       |     2 ||     2
Dodge: Dodged            |     9 |    14 |    30 ||    53

Table legend:
 A = Spawn XP
 B = Non-spawn XP
 C = Spawn XP percentage of total XP
 D = Spawn monster count
 E = Non-spawn monster count
 F = Spawn count percentage of total count
 G = Total turns spent on level
                    A         B        C        D         E        F      G
               +---------+---------+-------+---------+---------+-------+---------
         Total |       0 |    2736 |   0.0 |       0 |      27 |   0.0 |   931
               +---------+---------+-------+---------+---------+-------+---------
             D |       0 |    2736 |   0.0 |       0 |      27 |   0.0 |   931
               +---------+---------+-------+---------+---------+-------+---------
